 Dungeon Crawl Stone Soup version 0.32-a0-834-geaf45d8e21 (console) character file.

Game seed: 8649311257196292547

28 petzl the Sneak (level 3, -4/29 HPs)
             Began as a Formicid Delver on Mar 25, 2024.
             Frozen to death by an endoplasm (5 damage)
             ... on level 4 of the Dungeon.
             The game lasted 00:01:52 (282 turns).

petzl the Sneak (Formicid Delver)                    Turns: 282, Time: 00:01:52

Health: -4/29      AC: -1    Str: 16    XL:     3   Next: 27%
Magic:  7/7        EV: 11    Int: 11    God:
Gold:   0          SH:  0    Dex: 15    Spells: 7/7 levels left

rFire   . . .        a - +0 mace
rCold   . . .        (no shield)
rNeg    . . .        b - +0 leather armour
rPois   .            (helmet unavailable)
rElec   .            g - scarf {repulsion}
rCorr   .            (no gloves)
SInv    +            (no boots)
Will    .....        (no amulet)
Stlth   +++          (no ring)
HPRegen 0.24/turn    (no ring)
MPRegen 0.10/turn

%: repel missiles
@: corroded
A: permanent stasis, dig shafts and tunnels, antennae 3, four strong arms
a: Dig, Shaft Self, Convert to Beogh


You were on level 4 of the Dungeon.
You visited 1 branch of the dungeon, and saw 4 of its levels.

Inventory:

Hand Weapons
 a - a +0 mace (weapon)
Armour
 b - a +0 leather armour (worn)
 g - a scarf of repulsion (worn)
Wands
 f - a wand of digging (3)
Scrolls
 c - a scroll of fog
 d - a scroll of revelation
 e - a scroll of identify {unknown}
Potions
 h - a potion of brilliance {unknown}


   Skills:
 - Level 3.2 Fighting
 - Level 2.0 Maces & Flails
 - Level 1.7 Dodging
 - Level 6.0 Stealth
 + Level 2.6 Spellcasting


You had 7 spell levels left.
You didn't know any spells.
Your spell library was empty.

Dungeon Overview and Level Annotations

Branches:
Dungeon (7/15)
 Temple: D:4-7

Altars:

Annotations:
D:4 Dowan, Duvessa


Innate Abilities, Weirdness & Mutations

You cannot be hasted, slowed, berserked, paralysed or teleported.
You can dig through walls and to a lower floor.
You have a pair of large antennae on your head. (SInv)
Your four strong arms can wield two-handed weapons with a shield.


Message History

You hit the hound.
You kill the hound!
Your Spellcasting skill gained 2 levels and is now at level 2!
You have reached level 2!
You have reached level 3!
Your experience leads to an increase in your attributes!
Increase (S)trength, (I)ntelligence, or (D)exterity?
You feel clever. x2
Unknown command.
You start resting.
HP restored.
You start resting.
Magic restored.
You see here a +0 robe.
Unknown command.
Unknown command.
There is an escape hatch in the ceiling here.
A mysterious force pulls you upwards. The hatch slams shut behind you.
Level annotation: Dowan, Duvessa The endoplasm freezes you.
You are frozen.
The gnoll hits you with a +0 whip.
A gnoll comes into view. It is wielding a +0 spear.
The jelly hits you.
You are splashed with acid.
The orc misses you.
The dart slug briefly extends its eye-stalks.
Duvessa hits you with a +0 rapier.
An orc priest comes into view. It is wielding a +0 falchion.
The endoplasm freezes you.
You are frozen.
The gnoll misses you.
The orc priest shouts, "Beogh offers mercy even to people such as you.
Join us and be reborn!" (press Y on the ability menu to convert to Beogh)
Okay, then.
Unknown command.
Are you sure you want to shaft yourself?
The jelly hits you. The acid corrodes you!
You are splashed with acid!
* * * LOW HITPOINT WARNING * * *
The orc hits you with a +0 club.
* * * LOW HITPOINT WARNING * * *
The endoplasm freezes you.
You are frozen.
You die...

...... ....
....o.......g. ....
###. .....g....$.. ..o
... ............## #.#
... .)...........#
#.##.# .............#
#....#
.....S.......####.r##
........g.....e.....#
......o@..w......##{##
......JJe.......:##..#
.................###B#
#####
..$..#...........#
#.###h...
#######...$......#
#...W.###
#............###...#
##..#...####.....#.# {
...#...# ####.##.#
w........ ... #..
..... ..... ##.. ##.#
..# .. ... ... ....


You could see Duvessa, Dowan, a jelly, an orc priest, 3 gnolls, an adder, a dart
slug, an orc and an endoplasm.

Vanquished Creatures
  A hound (D:5)
1 creature vanquished.

Notes
Turn   | Place    | Note
-------+----------+-------------------------------------------
     0 | D:5      | petzl the Formicid Delver began the quest for the Orb.
     0 | D:5      | Reached XP level 1. HP: 18/18 MP: 1/1
     1 | D:5      | Noticed a jelly
     8 | D:4      | Noticed Dowan
     8 | D:4      | Noticed a phantom
    10 | D:4      | Noticed a hound
    32 | D:4      | You fall into a shaft and drop 3 floors!
   133 | D:4      | Noticed Duvessa
   137 | D:4      | You fall into a shaft and drop 1 floor!
   206 | D:6      | Noticed a hound
   206 | D:6      | Noticed a centaur
   212 | D:5      | Killed a hound
   213 | D:5      | Reached XP level 2. HP: 17/24 MP: 1/5
   213 | D:5      | Reached XP level 3. HP: 21/29 MP: 1/7
   282 | D:4      | HP: 1/29 [orc/+0 club (3)]
   282 | D:4      | Frozen to death by an endoplasm

Illustrated notes

Levels and vault maps discovered:
D:4:      minmay_diamond_boxcup, layout_rooms, uniq_duvessa
D:5:      layout_rooms, ebering_ghost_rock_garden
D:6:      layout_basic, uniq_maggie
D:7:      layout_rooms, nicolae_temple_entry_ecumenical

Skill      XL: |  1 |
---------------+----+-----
Spellcasting   | 2 |  2.6
Fighting       | |  3.2
Maces & Flails | |  2.0
Dodging        | |  1.7
Stealth        | |  6.0

Action                     || total
---------------------------++-------
  Melee: Mace              ||     4
Ability: Shaft Self        ||     3
    Use: Scroll            ||     1
 Armour: Leather armour    ||    19
  Dodge: Dodged            ||    12

Table legend: (Time is in decaauts)
 A = Elapsed time spent in this place.
 B = Non-inter-level travel time spent in this place.
 C = Inter-level travel time spent in this place.
 D = Time resting spent in this place.
 E = Time spent auto-exploring this place.
 F = Levels seen in this place.
 G = Mean time per level.
                   A        B        C        D        E       F      G
               +--------+--------+--------+--------+--------+-----+--------+
         Total |    283 |    283 |      0 |    169 |      0 |   4 |   70.8 |
       Dungeon |    283 |    283 |      0 |    169 |      0 |   4 |   70.8 |
               +--------+--------+--------+--------+--------+-----+--------+

Top non-repeatable levels by time:
     D:5: 154 daAuts
     D:7: 66 daAuts
     D:6: 32 daAuts
     D:4: 29 daAuts
